 Dungeon Crawl Stone Soup version 0.27.0-1-g7a089689b8 (webtiles) character file.

Game seed: 9002296085212969405

61 ZARRMARR the Sneak (level 4, -1/25 HPs)
             Began as a Kobold Enchanter on Aug 14, 2021.
             Slain by a gnoll (4 damage)
             ... on level 2 of the Dungeon.
             The game lasted 00:08:37 (2306 turns).

ZARRMARR the Sneak (Kobold Enchanter)               Turns: 2306, Time: 00:08:38

Health: -1/25      AC:  2    Str:  5    XL:     4   Next: 27%
Magic:  7/7        EV: 15    Int: 16    God:
Gold:   26         SH:  0    Dex: 16    Spells: 6/7 levels left

rFire    . . .     SeeInvis .   a - +1 dagger
rCold    . . .     Faith    .   (shield restricted)
rNeg     . . .     Spirit   .   b - +0 robe
rPois    .         Reflect  .   (no helmet)
rElec    .         Harm     .   (no cloak)
rCorr    .         Rampage  .   (no gloves)
Will     .....                  (no boots)
Stlth    ++++......             (no amulet)
HPRegen  0.08/turn              (no ring)
MPRegen  0.10/turn              (no ring)

@: no status effects
A: small, no large weapons, nightstalker 3
a: no special abilities


You were on level 2 of the Dungeon.
You visited 1 branch of the dungeon, and saw 3 of its levels.

You collected 159 gold pieces.
You spent 133 gold pieces at shops.

Inventory:

Hand Weapons
 a - a +1 dagger (weapon)
Missiles
 f - 11 stones (quivered)
Armour
 b - a +0 robe (worn)
Scrolls
 c - a scroll of silence {unknown}
 h - a scroll of enchant weapon
 i - 2 scrolls of vulnerability


   Skills:
 * Level 1.5 Fighting
 * Level 2.6 Short Blades
 * Level 1.2 Throwing
 - Level 2.4 Dodging
 + Level 5.2 Stealth
 - Level 2.1 Spellcasting
 - Level 3.0 Hexes


You had 6 spell levels left.
You knew the following spells:

 Your Spells              Type           Power      Damage    Failure   Level
a - Corona                Hex            12%        N/A       6%          1

Your spell library contained the following spells:

 Spells                   Type           Power      Damage    Failure   Level
 Ensorcelled Hibernation  Hex/Ice        12%        N/A       17%         2
 Confusing Touch          Hex            11%        N/A       19%         3
 Tukima's Dance           Hex            11%        N/A       19%         3
 Dazzling Flash           Conj/Hex       12%        N/A       32%         3


Dungeon Overview and Level Annotations

Branches:
Dungeon (3/15)

Altars:

Shops:
D:1 ?


Innate Abilities, Weirdness & Mutations

You are small and have problems with some larger weapons.
You are completely attuned to the shadows.


Message History

A gnoll is nearby!
Throw: 12 stones
Press: ? - help, Q - select action, (/) - cycle Shift-Dir - straight line, f - gnoll
Aim: a gnoll, wielding a +0 spear (63% to hit)
You throw a stone.
The stone hits the gnoll but does no damage.
The gnoll misses you.
You hit the gnoll.
The gnoll is lightly wounded.
The gnoll hits you with a +0 spear.
You hit the gnoll but do no damage.
The gnoll is lightly wounded.
You hit the gnoll but do no damage.
The gnoll is lightly wounded.
The gnoll hits you with a +0 spear.
You barely miss the gnoll.
The gnoll is lightly wounded.
The gnoll hits you with a +0 spear!
You hit the gnoll but do no damage.
The gnoll is lightly wounded.
The gnoll hits you with a +0 spear.
You hit the gnoll.
The gnoll is moderately wounded.
The gnoll barely misses you.
You hit the gnoll.
The gnoll is heavily wounded.
The gnoll hits you with a +0 spear!
* * * LOW HITPOINT WARNING * * *
You barely miss the gnoll.
The gnoll is heavily wounded.
The gnoll barely misses you.
You hit the gnoll.
The gnoll is heavily wounded.
Blink to where?
Press: ? - help, Dir - move target, p - gnoll
As you read the scroll of blinking, it crumbles to dust.
There is a stone staircase leading down, spattered with blood here.
You can't go up here!
The gnoll hits you from afar with a +0 spear.
You die...

.. ..#...###.#
############.##...##.#
...................g.#
..##########.......###
.........###.......###
.#.......##..........#
.........##.#........#
.........##..(.....###
...........ยง..g.@..#
..........#.#......#
............#......#
##.................#
##.......###########
##########


You could see a gnoll.

Vanquished Creatures
  2 gnolls
  An adder (D:2)
  2 dart slugs (D:1)
  3 ball pythons
  3 endoplasms
  2 giant cockroaches
  2 jackals (D:1)
  A kobold (D:3)
  3 quokkas
  4 bats
  5 frilled lizards
  2 rats (D:2)
30 creatures vanquished.

Notes
Turn   | Place    | Note
-------+----------+-------------------------------------------
     0 | D:1      | ZARRMARR the Kobold Enchanter began the quest for the Orb.
     0 | D:1      | Reached XP level 1. HP: 10/10 MP: 3/3
   177 | D:1      | Reached XP level 2. HP: 16/16 MP: 5/5
   221 | D:1      | Found Boxeef's Magic Scroll Shop.
   643 | D:1      | Reached skill level 1 in Fighting
  1101 | D:2      | Reached XP level 3. HP: 20/20 MP: 6/6
  1124 | D:1      | Bought a scroll of enchant weapon for 105 gold pieces
  1326 | D:2      | Reached skill level 1 in Throwing
  1578 | D:1      | Bought a scroll of identify for 28 gold pieces
  1620 | D:2      | Reached skill level 5 in Stealth
  1620 | D:2      | Reached XP level 4. HP: 25/25 MP: 7/7
  2306 | D:2      | Slain by a gnoll

Illustrated notes

Levels and vault maps discovered:
D:1:      nicolae_arrival_somewhat_less_tricky_arrival, layout_loops_ring,
          serial_shops, nicolae_shop_temple_entry_statues_fountains,
          serial_forest, infiniplex_forest_lined_2
D:2:      layout_rooms
D:3:      layout_loops_corners, serial_shops, nicolae_shop_crystal,
          amcnicky_mini_rare_corridor_liquid, ebering_dispersal_statue_hall

Skill      XL: |  1  2  3 |
---------------+----------+-----
Fighting       | 1 |  1.5
Short Blades   | 2 |  2.6
Throwing       | 1 |  1.2
Stealth        | 5 |  5.2
Dodging        | |  2.4
Spellcasting   | |  2.1
Hexes          | |  3.0

Action                   |  1- 3 |  4- 6 || total
-------------------------+-------+-------++-------
Melee: Dagger            |    75 |    36 ||   111
Throw: Stone             |    16 |     7 ||    23
  Use: Scroll            |     2 |     1 ||     3
       Potion            |       |     2 ||     2
 Stab: Sleeping          |    13 |     1 ||    14
Armor: Robe              |    10 |     2 ||    12
Dodge: Dodged            |    46 |    24 ||    70
